[Event "53rd Indian Junior Open-ch 2024"]
[Site "Karnal"]
[Date "2024.09.18"]
[Round "4.6"]
[White "Manish Anto Cristiano F"]
[Black "Nigash G"]
[Result "1/2-1/2"]
[WhiteElo "2364"]
[BlackElo "2001"]
[PlyCount "48"]
[EventDate "2024.09.16"]
[EventType "swiss"]
[EventCountry "IND"]
[TimeControl "5400+30"]

1. Nf3 d5 2. d4 e6 3. g3 Nf6 4. Bg2 c5 5. O-O cxd4 6. Nxd4 e5 7. Nb3 Be7 8. Bg5 e4 9. N1d2 Be6 10. Rc1 b5 11. Nd4 Qb6 12. c3 Nbd7 13. f3 Ng4 14. Bxe7 Ne3 15. Qe1 Nxf1 16. Nxf1 Kxe7 17. fxe4 dxe4 18. Bxe4 Rac8 19. Bg2 Rhe8 20. Be4 Red8 21. Bg2 Re8 22. Be4 Red8 23. Bg2 Re8 24. Be4 Red8 1/2-1/2

[Event "53rd Indian Junior Open-ch 2024"]
[Site "Karnal"]
[Date "2024.09.18"]
[Round "4.7"]
[White "Yashwant B"]
[Black "Adireddy Arjun"]
[Result "1/2-1/2"]
[WhiteElo "1975"]
[BlackElo "2343"]
[PlyCount "45"]
[EventDate "2024.09.16"]
[EventType "swiss"]
[EventCountry "IND"]
[TimeControl "5400+30"]

1. e4 c5 2. Nf3 e6 3. c3 Nf6 4. e5 Nd5 5. d4 cxd4 6. cxd4 d6 7. Bc4 Nc6 8. O-O Be7 9. Qe2 O-O 10. Nc3 Nxc3 11. bxc3 d5 12. Bd3 Bd7 13. g3 Na5 14. h4 Rc8 15. Ng5 g6 16. Nxh7 Kxh7 17. Qh5+ Kg8 18. Bxg6 fxg6 19. Qxg6+ Kh8 20. Qh6+ Kg8 21. Qg6+ Kh8 22. Qh5+ Kg8 23. Qg6+ 1/2-1/2

[Event "53rd Indian Junior Open-ch 2024"]
[Site "Karnal"]
[Date "2024.09.18"]
[Round "4.8"]
[White "Vidit Sethi"]
[Black "Sourath Biswas"]
[Result "0-1"]
[WhiteElo "1819"]
[BlackElo "2305"]
[PlyCount "54"]
[EventDate "2024.09.16"]
[EventType "swiss"]
[EventCountry "IND"]
[TimeControl "5400+30"]

1. d4 Nf6 2. c4 g6 3. Nc3 Bg7 4. e4 O-O 5. Bd3 c5 6. d5 e6 7. Nge2 exd5 8. cxd5 Re8 9. O-O d6 10. h3 c4 11. Bxc4 Nxe4 12. Be3 Nd7 13. Rc1 Nxc3 14. Nxc3 a6 15. a4 Qh4 16. Be2 Nc5 17. a5 Qb4 18. Bxc5 dxc5 19. Na4 Rxe2 20. Qxe2 Qxa4 21. Rxc5 Bf8 22. Rcc1 Bd6 23. Rfd1 Bd7 24. Ra1 Qf4 25. g3 Qf5 26. h4 Re8 27. Qd3 Re1+ 0-1

[Event "53rd Indian Junior Open-ch 2024"]
[Site "Karnal"]
[Date "2024.09.18"]
[Round "4.9"]
[White "Nagarkatte Vedant"]
[Black "Arul Prakash N"]
[Result "0-1"]
[WhiteElo "2260"]
[BlackElo "1922"]
[PlyCount "96"]
[EventDate "2024.09.16"]
[EventType "swiss"]
[EventCountry "IND"]
[TimeControl "5400+30"]

1. e4 c5 2. Nf3 d6 3. d4 cxd4 4. Nxd4 Nf6 5. Nc3 a6 6. Be3 e6 7. Be2 Be7 8. a4 b6 9. f4 Bb7 10. Bf3 Nbd7 11. Qe2 Rc8 12. Bf2 Qc7 13. O-O O-O 14. Rfd1 g6 15. Nb3 e5 16. f5 Qc4 17. Qe3 gxf5 18. Qg5+ Kh8 19. Qxf5 Qe6 20. Qxe6 fxe6 21. Rd3 d5 22. exd5 exd5 23. Nxd5 Bxd5 24. Bxd5 Rxc2 25. Bg3 Nc5 26. Nxc5 Bxc5+ 27. Kh1 e4 28. Rdd1 Nxd5 29. Rxd5 e3 30. Rg5 Bd4 31. Be5+ Bxe5 32. Rxe5 Rcf2 33. h3 e2 34. Rg1 Kg7 35. Kh2 Kf6 36. Re3 Rg8 37. Re4 h5 38. Re3 h4 39. b4 Kf5 40. b5 a5 41. Re7 Kf4 42. Rf7+ Ke3 43. Re7+ Kd2 44. Rd7+ Kc2 45. Re7 Rg3 46. Re6 Kd2 47. Rd6+ Rd3 48. Re6 Rf1 0-1

[Event "53rd Indian Junior Open-ch 2024"]
[Site "Karnal"]
[Date "2024.09.18"]
[Round "4.10"]
[White "Guru Prakash, A.."]
[Black "Kushal O"]
[Result "1/2-1/2"]
[WhiteElo "1870"]
[BlackElo "2130"]
[PlyCount "136"]
[EventDate "2024.09.16"]
[EventType "swiss"]
[EventCountry "IND"]
[TimeControl "5400+30"]

1. e4 c5 2. Nf3 d6 3. d4 cxd4 4. Nxd4 Nf6 5. Nc3 a6 6. h3 e5 7. Nde2 h5 8. g3 Be7 9. Bg2 b5 10. O-O Nbd7 11. Nd5 Nxd5 12. exd5 h4 13. g4 Bg5 14. f4 exf4 15. Bxf4 Bxf4 16. Rxf4 O-O 17. Nd4 Ne5 18. Nf3 Ng6 19. Rd4 f5 20. g5 Ne5 21. Rxh4 Nxf3+ 22. Qxf3 Qxg5 23. Rd4 Re8 24. h4 Qf6 25. c3 Ra7 26. Rf1 Rae7 27. Qg3 Bd7 28. Rdf4 Re5 29. a3 Kf7 30. Qh3 Rh8 31. R1f3 Rxd5 32. Rd3 Rxd3 33. Qxd3 Rxh4 34. Rxh4 Qxh4 35. Qxd6 Qe1+ 36. Kh2 Qh4+ 37. Kg1 Qe1+ 38. Kh2 Be6 39. Qxa6 Qh4+ 40. Kg1 Qe1+ 41. Kh2 Qe5+ 42. Kg1 Qe3+ 43. Kh1 Qh6+ 44. Kg1 Qe3+ 45. Kh1 Qc1+ 46. Kh2 Qxb2 47. Qb7+ Kf6 48. a4 Qxc3 49. axb5 Qe5+ 50. Kg1 Qe1+ 51. Kh2 Qh4+ 52. Kg1 Qd4+ 53. Kh2 Qe5+ 54. Kg1 f4 55. b6 Qe1+ 56. Kh2 Qg3+ 57. Kh1 Qh4+ 58. Kg1 Qe1+ 59. Kh2 Qg3+ 60. Kh1 Qe1+ 61. Kh2 Qe5 62. Qe4 Qh5+ 63. Kg1 Qd1+ 64. Kh2 Qd6 65. Qc6 Qe5 66. Qe4 Qh5+ 67. Kg1 Qd1+ 68. Kh2 Qh5+ 1/2-1/2

[Event "53rd Indian Junior Open-ch 2024"]
[Site "Karnal"]
[Date "2024.09.19"]
[Round "5.2"]
[White "Madhvendra Pratap Sharma"]
[Black "Sri Charan Sandipagu"]
[Result "0-1"]
[ECO "E94"]
[WhiteElo "2061"]
[BlackElo "1964"]
[Annotator "RC"]
[PlyCount "106"]
[EventDate "2024.09.16"]
[EventType "swiss"]
[EventCountry "IND"]
[SourceTitle "playchess.com"]
[Source "ChessBase"]
[SourceQuality "1"]
[TimeControl "5400+30"]

1. Nf3 Nf6 2. c4 g6 3. Nc3 Bg7 4. e4 d6 5. d4 O-O 6. Be2 e5 7. O-O exd4 8. Nxd4 Re8 9. f3 c6 10. Nc2 Na6 11. Bf4 d5 12. cxd5 cxd5 13. exd5 Bf5 14. Bb5 Qb6+ 15. Kh1 Red8 16. Ne3 Bd7 17. Nc4 Qc5 18. Be3 Qe7 19. Bxa6 bxa6 20. Re1 Be6 21. Bg5 h6 22. d6 Qf8 23. Bxf6 Bxf6 24. Ne4 Bg7 25. Rc1 Bxc4 26. Rxc4 f5 27. Nc5 Qxd6 28. Qb3 Rab8 29. Rd4+ Rxb3 30. Rxd6 Rxd6 31. Nxb3 Bxb2 32. g3 Kf7 33. Re2 Bc3 34. Kg2 Bb4 35. Rc2 g5 36. h4 gxh4 37. gxh4 Kg6 38. Kg3 Be1+ 39. Kf4 Bxh4 40. Ke5 Rf6 41. Nd4 Bg3+ 42. f4 h5 43. Rc8 h4 44. Rg8+ Kf7 45. Rg5 Bf2 46. Nxf5 Re6+ 47. Kd5 Rb6 48. Nd6+ Kf8 49. f5 Bg3 50. Nc4 Rh6 51. Nd2 Bf4 52. Rg2 h3 53. Rf2 Bxd2 0-1

[Event "53rd Indian Junior Open-ch 2024"]
[Site "Karnal"]
[Date "2024.09.19"]
[Round "5.4"]
[White "Arul Prakash N"]
[Black "Mukund Hemant Agarwal"]
[Result "1-0"]
[ECO "D59"]
[WhiteElo "1922"]
[BlackElo "2073"]
[Annotator "RC"]
[PlyCount "91"]
[EventDate "2024.09.16"]
[EventType "swiss"]
[EventCountry "IND"]
[SourceTitle "playchess.com"]
[Source "ChessBase"]
[SourceQuality "1"]
[TimeControl "5400+30"]

1. d4 Nf6 2. c4 e6 3. Nf3 d5 4. Nc3 Be7 5. Bg5 h6 6. Bh4 O-O 7. e3 b6 8. cxd5 Nxd5 9. Nxd5 exd5 10. Bxe7 Qxe7 11. Be2 Be6 12. Rc1 c5 13. dxc5 bxc5 14. O-O Rc8 15. Qc2 a5 16. e4 d4 17. Nd2 Qa7 18. Kh1 Nd7 19. f4 a4 20. Bc4 Bxc4 21. Nxc4 Qa6 22. e5 Re8 23. Rce1 Rad8 24. Rf3 Nb6 25. Nd2 c4 26. Rg3 Qa5 27. Rf1 d3 28. Qd1 Kh8 29. Qg4 Rg8 30. Ne4 Qd5 31. Qf5 d2 32. Ng5 g6 33. Qf6+ Rg7 34. Nxf7+ Kh7 35. Qxd8 Qxd8 36. Nxd8 Rd7 37. Rd1 Rxd8 38. Re3 Rd4 39. e6 Nd5 40. Re2 a3 41. Rexd2 axb2 42. Rxd4 c3 43. e7 Nxe7 44. Rd7 c2 45. Rxe7+ Kg8 46. Rd8# 1-0

[Event "53rd Indian Junior Open-ch 2024"]
[Site "Karnal"]
[Date "2024.09.19"]
[Round "5.5"]
[White "Bhattacharyya Soham"]
[Black "Shah Moxit J"]
[Result "1/2-1/2"]
[ECO "A52"]
[WhiteElo "2425"]
[BlackElo "1952"]
[Annotator "TA"]
[PlyCount "73"]
[EventDate "2024.09.16"]
[EventType "swiss"]
[EventCountry "IND"]
[SourceTitle "playchess.com"]
[Source "ChessBase"]
[SourceQuality "1"]
[TimeControl "5400+30"]

1. d4 Nf6 2. c4 e5 3. dxe5 Ng4 4. e4 Nxe5 5. f4 Nec6 6. Be3 Na6 (6... Bb4+ $11 {remains equal.} 7. Nd2 d6) 7. Nc3 {[%emt 0:12:23] White is more active.} Bc5 8. Bxc5 Nxc5 9. Bd3 {[%emt 0:00:22] The position is equal.} O-O (9... Nxd3+ 10. Qxd3 d6 11. Nf3 $14) 10. Nge2 Qh4+ 11. g3 Qh3 12. Nd5 (12. Qd2 $11) 12... d6 $1 $17 13. b4 Nxd3+ 14. Qxd3 a5 15. bxa5 Rxa5 16. Kf2 {[%emt 0:01:03] [#]} (16. Nec3 $142) 16... f5 $1 17. Nec3 Ra3 (17... fxe4 $19 {and Black stays clearly on top.} 18. Nxe4 Bf5) 18. Rae1 $2 (18. Qf1 $17 Qg4 (18... fxe4 19. Qxh3 Bxh3 20. Nxe4 $17) 19. Qc1) 18... Ne5 19. Qc2 {[%emt 0:04:22] [#]} (19. Qd4 {was called for.} fxe4 20. Rxe4) 19... fxe4 $1 $19 (19... Nxc4 20. Nb1 $16 (20. Nxc7 $2 {perishes.} fxe4 21. N7d5 Ne5 $19)) 20. Rxe4 Qh5 21. Ke1 Qf3 22. Rf1 Nd3+ 23. Kd2 Qxf1 24. Qxd3 Qxd3+ 25. Kxd3 c6 26. Ne3 Kf7 {[%emt 0:00:00] Inhibits Re7+.} 27. Rd4 (27. Nc2 $142 Ra5 28. Re1) 27... Re8 28. Ned1 Rd8 29. Kc2 Be6 30. Ne3 b5 31. cxb5 cxb5 ({Worse is} 31... Bxa2 32. bxc6 Ra6 33. Kd3 $11) 32. Kb2 (32. Kd2 $142) 32... Rda8 33. Nc2 R3a6 34. Nb4 Rb6 35. Nc2 Rba6 $2 ({Black should try} 35... Bc4 $19 {[%cal Od6d5] aiming for ...d5!} 36. Ne3 d5) 36. a3 $2 (36. Nb4 $11 {and White is okay.}) 36... Bc4 37. Ne4 {Weighted Error Value: White=0.50/Black=0.24 (precise) .  Loses game:     	White=2     	---        Missed win:     	---       	Black=1      Mistake:       	White=5     	Black=1      Inaccurate:     	---       	Black=1      OK:         	White=12    	Black=13     Best:        	White=2     	---        Strong:       	---       	Black=3} 1/2-1/2

[Event "53rd Indian Junior Open-ch 2024"]
[Site "Karnal"]
[Date "2024.09.19"]
[Round "5.6"]
[White "Agnivo Chakraborty"]
[Black "Manish Anto Cristiano F"]
[Result "0-1"]
[ECO "C22"]
[WhiteElo "1943"]
[BlackElo "2364"]
[Annotator "TA"]
[PlyCount "138"]
[EventDate "2024.09.16"]
[EventType "swiss"]
[EventCountry "IND"]
[SourceTitle "playchess.com"]
[Source "ChessBase"]
[SourceQuality "1"]
[TimeControl "5400+30"]

1. e4 d6 2. d4 Nf6 3. Nc3 e5 4. Bc4 exd4 5. Qxd4 Nc6 6. Qe3 Be7 {[%emt 0:03:37] C22: Centre Game.} 7. Bd2 Be6 8. Bxe6 fxe6 9. Qh3 $146 ({Predecessor:} 9. O-O-O O-O 10. f4 Qb8 11. Qh3 e5 12. fxe5 Nxe5 13. Qe6+ Rf7 14. Nh3 Qc8 15. Qb3 {½-½ Atabayev,Y (2217)-Sachdev,T (2398) Commonwealth-ch 2010 (5)}) 9... Qd7 10. Nf3 e5 11. Qxd7+ Kxd7 12. Be3 b5 13. a3 Rab8 14. Bg5 Rhf8 15. Bxf6 Bxf6 16. Nd5 Bd8 17. O-O-O h6 (17... Nd4 $15 18. Nxd4 exd4) 18. h4 Ke6 (18... Nd4 {simplifies} 19. Nxd4 exd4 20. Rxd4 Rxf2 21. Rd2 Rxd2 22. Kxd2 c6) 19. h5 Ne7 20. Rh4 c6 21. Ne3 Bb6 22. Rg4 Rf7 23. Kd2 Rbf8 24. Ke2 Rf4 25. Rxg7 ({Better is} 25. Rh4 $15) 25... Rxe4 $17 26. Rg4 (26. Rg1 $17) 26... Rxg4 $19 27. Nxg4 Nf5 28. Rg1 e4 29. Nd2 Rg8 30. Ne3 Bxe3 31. fxe3 Ng3+ $1 32. Kf2 Kf5 (32... Nxh5 $6 33. Nxe4 Rg6 34. Rh1 $14) 33. c4 bxc4 (33... Nxh5 34. g4+ Rxg4 35. Rxg4 Kxg4 36. Nxe4 $14) 34. Nxc4 d5 (34... Nxh5 35. g4+ (35. Nxd6+ Ke5 $16) 35... Kf6 36. gxh5 $18) 35. Na5 (35. Nd2 {was necessary.}) 35... Kg4 $1 $19 (35... Nxh5 36. Nxc6 Kg4 37. Rd1 $11) (35... c5 36. Rd1 $15) 36. Nxc6 Rf8+ 37. Ke1 Rc8 (37... Nxh5 38. Rf1 (38. Nxa7 d4 $17) 38... Rc8 39. Nd4 $11) (37... Kxh5 38. b4 $11) 38. Ne5+ Kf5 $1 (38... Kxh5 39. Kf2 Kh4 40. Ng6+ Kg4 41. Ne5+ Kh4 42. Ng6+ Kg4 43. Ne5+ Kf5 44. Nd7 $15) 39. Kf2 (39. Nf7 {is the only way for White.} Ke6 (39... Nxh5 $2 40. Nd6+ Kg5 41. Nxc8 $18) (39... Rc1+ $2 40. Kf2 $19) 40. Nxh6 Rc1+ (40... Nxh5 41. g4 $11) 41. Kf2 Nh1+ 42. Rxh1 Rxh1 43. g4 Rh2+ 44. Ke1) 39... Nxh5 $19 40. g4+ $2 (40. Nf7 Rc2+ 41. Ke1) 40... Kxe5 $19 41. gxh5 Rc2+ 42. Ke1 $2 (42. Kf1 Rxb2 43. Rg7) 42... Rc1+ $19 (42... Rxb2 43. Rg7 $17) 43. Kf2 Rxg1 44. Kxg1 d4 45. Kf2 {[%emt 0:03:41] [#]} d3 $1 46. b3 Kf5 47. Ke1 Kg4 48. b4 Kxh5 49. b5 Kg4 50. a4 h5 51. a5 {[%emt 0:00:03] [#]} h4 $1 52. b6 axb6 53. axb6 h3 54. b7 h2 55. b8=Q h1=Q+ (55... h1=R+ $2 56. Kf2 Rc1 57. Qf4+ Kh5 58. Qxe4 $18) 56. Kd2 Qg2+ 57. Kc3 Kf3 58. Qh8 Qc2+ 59. Kb4 Qb1+ 60. Kc4 Qc1+ (60... Kxe3 61. Qh3+ Kd2 (61... Kf4 62. Qh6+ Kg4 63. Qe6+ Kf4 64. Qh6+ Kf3 65. Qh3+ Ke2 66. Qg2+ Ke3 67. Qg5+ Ke2 68. Qg2+ Ke3 69. Qg5+ Kf3 70. Qf5+ Ke3 71. Qg5+ $11) 62. Qg2+ Kc1 63. Qg1+ Kb2 64. Qg7+ Kc1 65. Qg1+ Kb2 66. Qg7+ Kc1 67. Qg1+ $11) 61. Kd5 Qxe3 ({Worse is} 61... Kxe3 62. Qh6+ Ke2 63. Qxc1 d2 64. Qc2 Kf3 65. Qxd2 (65. Qxe4+ Kg3 66. Qe3+ Kg4 67. Qxd2 Kf5 68. Qh6 Kg4 69. Ke4 Kg3 70. Ke3 Kg4 71. Qg6+ Kh4 72. Kf4 Kh3 73. Qg3#) 65... e3 66. Qd3) 62. Qh5+ Kf2 63. Qh2+ Ke1 64. Qh1+ Kd2 65. Qg2+ Qe2 66. Qg5+ e3 67. Ke4 Qf2 68. Qa5+ Ke2 $2 (68... Kd1 {mates} 69. Qa1+ Ke2 70. Qa6 Qf3+ 71. Ke5 Qg4 72. Kd5 Qf4 73. Kc5 Kf2 74. Qxd3 e2 75. Kb5 e1=Q (75... e1=B 76. Qc4 $11) 76. Qc2+ Qe2+ 77. Qxe2+ Kxe2 78. Kc5 Qf6 79. Kd5 Kd3 80. Kc5 Qe6 81. Kb5 Qd6 82. Ka4 Qb6 83. Ka3 Kc3 84. Ka4 Qb4#) 69. Qb5 $2 (69. Qh5+ $19 Kd2 70. Qh6) 69... Qh4+ 0-1

[Event "53rd Indian Junior Open-ch 2024"]
[Site "Karnal"]
[Date "2024.09.19"]
[Round "5.7"]
[White "Adireddy Arjun"]
[Black "Bivor Adak"]
[Result "1/2-1/2"]
[ECO "C18"]
[WhiteElo "2343"]
[BlackElo "1918"]
[Annotator "TA"]
[PlyCount "69"]
[EventDate "2024.09.16"]
[EventType "swiss"]
[EventCountry "IND"]
[SourceTitle "playchess.com"]
[Source "ChessBase"]
[SourceQuality "1"]
[TimeControl "5400+30"]

1. e4 e6 2. d4 d5 3. Nc3 Bb4 4. e5 c5 5. a3 Ba5 6. b4 cxd4 7. Nb5 Bc7 8. f4 Bd7 9. Nf3 Bxb5 10. Bxb5+ Nc6 11. Nxd4 Nge7 12. Be3 O-O 13. c3 Bb6 14. O-O Bxd4 15. cxd4 Qb6 (15... a5 $11) 16. Bd3 $16 f5 17. Rc1 Rac8 18. Rc5 Qd8 19. Qa4 a6 20. Rfc1 {[%emt 0:03:03] White has more active pieces.} Na7 21. Rxc8 Naxc8 22. b5 Nb6 23. Qb4 Nc4 24. bxa6 bxa6 25. Bxc4 dxc4 26. Qxc4 Qb6 27. Bf2 ({White should play} 27. Qb4 $14 Qxb4 28. axb4) 27... Rc8 $11 {[%emt 0:02:45] The position is equal.} 28. Qf1 Rxc1 29. Qxc1 {[%emt 0:00:02][%cal Od4d5][%mdl 4096] Endgame. Hoping for d5! KQB-KQN} Qb7 30. Qc2 Nd5 31. g3 Kf7 32. Kf1 Ne7 33. Kg1 Nd5 34. Kf1 Ne7 35. Kg1 {[%emt 0:00:34] Dodges Qh1+.   Weighted Error Value: White=0.08 (flawless) /Black=0.08 (flawless) .  Mistake:       	White=1     	Black=1      Inaccurate:     	White=1     	Black=2      OK:         	White=11    	Black=10     Best:        	---       	Black=2} 1/2-1/2

[Event "53rd Indian Junior Open-ch 2024"]
[Site "Karnal"]
[Date "2024.09.19"]
[Round "5.8"]
[White "Shadhursshaan R"]
[Black "Rohit S"]
[Result "1-0"]
[ECO "E08"]
[WhiteElo "1933"]
[BlackElo "2309"]
[Annotator "RC"]
[PlyCount "110"]
[EventDate "2024.09.16"]
[EventType "swiss"]
[EventCountry "IND"]
[SourceTitle "playchess.com"]
[Source "ChessBase"]
[SourceQuality "1"]
[TimeControl "5400+30"]

1. d4 d5 2. c4 e6 3. Nf3 Nf6 4. g3 Bb4+ 5. Bd2 Be7 6. Bg2 O-O 7. O-O c6 8. Qc2 Nbd7 9. Bf4 a5 10. Nbd2 Nh5 11. Rac1 Nxf4 12. gxf4 b5 13. cxb5 cxb5 14. f5 exf5 15. Qxf5 Nb6 16. Qc2 Bd6 17. Ne5 Be6 18. Qc6 b4 19. Qb5 Nc8 20. f4 Ne7 21. Nb3 Nf5 22. Qd3 Nh4 23. Bh1 Bf5 24. Qe3 Re8 25. Nc5 Rb8 26. Qg3 Rb6 27. Qb3 Bxe5 28. dxe5 Rg6+ 29. Kf2 Be6 30. Rg1 Rh6 31. Rg5 Ng6 32. Nxe6 fxe6 33. Kg3 Rf8 34. e3 Nh4 35. h3 Rf5 36. Rg4 Rfh5 37. Kf2 Nf5 38. Bg2 Rg6 39. Qc2 Rxg4 40. hxg4 Qh4+ 41. Ke2 Qxg4+ 42. Kd3 h6 43. Qe2 Qg6 44. e4 Qg3+ 45. Qf3 dxe4+ 46. Kxe4 Qg6 47. Kd3 Rh2 48. Rc8+ Kh7 49. Qa8 Qf7 50. Rh8+ Kg6 51. Bc6 Rh3+ 52. Kc4 Ne3+ 53. Kb5 Qe7 54. Re8 Qf7 55. Rf8 Qe7 1-0

[Event "53rd Indian Junior Open-ch 2024"]
[Site "Karnal"]
[Date "2024.09.19"]
[Round "5.9"]
[White "Chaudhari, Ashish"]
[Black "Gawai Siddhant"]
[Result "1/2-1/2"]
[ECO "D38"]
[WhiteElo "1943"]
[BlackElo "2131"]
[Annotator "RC"]
[PlyCount "99"]
[EventDate "2024.09.16"]
[EventType "swiss"]
[EventCountry "IND"]
[SourceTitle "playchess.com"]
[Source "ChessBase"]
[SourceQuality "1"]
[TimeControl "5400+30"]

1. d4 Nf6 2. c4 e6 3. Nf3 d5 4. cxd5 exd5 5. Nc3 Bb4 6. Bg5 h6 7. Bxf6 Qxf6 8. Qb3 c5 9. e3 O-O 10. Be2 Bxc3+ 11. Qxc3 c4 12. b3 cxb3 13. Qxb3 Rd8 14. O-O Nc6 15. Rfc1 Qd6 16. Bb5 Bg4 17. Bxc6 Bxf3 18. Bb5 Bg4 19. h3 Be6 20. Bd3 b6 21. Rc3 Rac8 22. Rac1 g6 23. Ba6 Rxc3 24. Qxc3 Kh7 25. a4 Qe7 26. Qb2 Rd7 27. Qc3 Rd8 28. Qb2 h5 29. Qc3 h4 30. Qc7 Qxc7 31. Rxc7 Rd7 32. Rc6 Kg7 33. Bc8 Re7 34. Bxe6 fxe6 35. Kf1 Kf6 36. a5 bxa5 37. Ra6 Rb7 38. Rxa5 Kf5 39. Ra6 g5 40. Ke2 e5 41. dxe5 Kxe5 42. Rg6 Kf5 43. Rd6 Ke4 44. Re6+ Kf5 45. Rd6 Ke5 46. Rg6 Kf5 47. Rd6 Rb5 48. Ra6 Rb7 49. Rd6 Ke5 50. Rg6 1/2-1/2

[Event "53rd Indian Junior Open-ch 2024"]
[Site "Karnal"]
[Date "2024.09.19"]
[Round "5.10"]
[White "Kushal O"]
[Black "Lakshmi Charan Naidu G"]
[Result "1/2-1/2"]
[ECO "B36"]
[WhiteElo "2130"]
[BlackElo "1912"]
[Annotator "RC"]
[PlyCount "103"]
[EventDate "2024.09.16"]
[EventType "swiss"]
[EventCountry "IND"]
[SourceTitle "playchess.com"]
[Source "ChessBase"]
[SourceQuality "1"]
[TimeControl "5400+30"]

1. e4 c5 2. Nf3 g6 3. d4 cxd4 4. Nxd4 Nc6 5. c4 Nf6 6. Nc3 d6 7. Be2 Nxd4 8. Qxd4 Bg7 9. O-O O-O 10. Qd3 Be6 11. Be3 Qa5 12. Bd2 Rfc8 13. b3 Qd8 14. Be3 Nd7 15. Rac1 Nc5 16. Qb1 Qf8 17. b4 Nd7 18. Nd5 a5 19. a3 axb4 20. axb4 Ra1 21. Qb3 Rxc1 22. Rxc1 Qd8 23. Rc2 Nf6 24. f3 Nxd5 25. exd5 Bf5 26. Ra2 Ra8 27. c5 Bd7 28. Bc4 Qb8 29. Qc2 h5 30. c6 Rxa2 31. Qxa2 bxc6 32. dxc6 Qxb4 33. Bxf7+ Kh7 34. Bf2 Bd4 35. Qe2 Qb1+ 36. Qf1 Bxf2+ 37. Kxf2 Qb6+ 38. Kg3 Qxc6 39. Qd3 Bf5 40. Qe3 Qc7 41. Bb3 d5+ 42. Kf2 Qd6 43. Qd4 Be6 44. h4 Bf7 45. f4 Qe6 46. Bd1 Qf5 47. Bf3 Qc2+ 48. Kg3 Qf5 49. Kf2 Qd7 50. Bd1 Be6 51. Bf3 Qd6 52. Kg3 1/2-1/2

[Event "53rd Indian Junior Open-ch 2024"]
[Site "Karnal"]
[Date "2024.09.20"]
[Round "6.3"]
[White "Manish Anto Cristiano F"]
[Black "Arul Prakash N"]
[Result "1-0"]
[ECO "D45"]
[WhiteElo "2364"]
[BlackElo "1922"]
[Annotator "RC"]
[PlyCount "105"]
[EventDate "2024.09.16"]
[EventType "swiss"]
[EventCountry "IND"]
[SourceTitle "playchess.com"]
[Source "ChessBase"]
[SourceQuality "1"]
[TimeControl "5400+30"]

1. Nf3 d5 2. e3 Nf6 3. c4 e6 4. Nc3 c6 5. d4 Nbd7 6. Be2 dxc4 7. a4 Bd6 8. Nd2 e5 9. Nxc4 Bc7 10. O-O O-O 11. b3 Re8 12. Ba3 exd4 13. Qxd4 Nb6 14. Nd6 Bxd6 15. Bxd6 Nfd5 16. Ba3 Qf6 17. Qxf6 Nxf6 18. Rfd1 Be6 19. Rab1 Nbd5 20. Na2 a5 21. Bd3 Rab8 22. e4 Nf4 23. Bc2 Rbc8 24. Bd6 g5 25. Nc3 b5 26. h4 h6 27. hxg5 hxg5 28. Bxf4 gxf4 29. f3 Kg7 30. Kf2 b4 31. Ne2 Nh5 32. Bd3 Red8 33. Bc4 Kf6 34. Rbc1 Rxd1 35. Rxd1 Ke5 36. Nc1 Bxc4 37. bxc4 f5 38. exf5 Kxf5 39. Nb3 Nf6 40. Rd6 c5 41. Ra6 Nd7 42. Rxa5 Ne5 43. Rxc5 Rxc5 44. Nxc5 Nxc4 45. Nb3 Ke5 46. g4 Kd5 47. a5 Kc6 48. Ke2 Ne5 49. Nd4+ Kd5 50. a6 Nd7 51. a7 Nb6 52. Kd3 Na8 53. Ne2 1-0

[Event "53rd Indian Junior Open-ch 2024"]
[Site "Karnal"]
[Date "2024.09.20"]
[Round "6.4"]
[White "Sourath Biswas"]
[Black "Yohan Yadav Tarala"]
[Result "1-0"]
[ECO "D04"]
[WhiteElo "2305"]
[BlackElo "1973"]
[Annotator "RC"]
[PlyCount "71"]
[EventDate "2024.09.16"]
[EventType "swiss"]
[EventCountry "IND"]
[SourceTitle "playchess.com"]
[Source "ChessBase"]
[SourceQuality "1"]
[TimeControl "5400+30"]

1. Nf3 d5 2. e3 c5 3. d4 Nf6 4. b3 cxd4 5. exd4 Bg4 6. Nbd2 Nc6 7. Bb2 e6 8. h3 Bh5 9. Bd3 Be7 10. O-O O-O 11. a3 Nd7 12. Qb1 Bg6 13. c4 dxc4 14. bxc4 Nb6 15. Bxg6 hxg6 16. Qc2 Rc8 17. Rac1 Na5 18. Qd3 Bf6 19. Rc2 e5 20. Rfc1 Na4 21. Ne4 Rxc4 22. Ba1 b5 23. Rxc4 Nxc4 24. Qb3 Qd5 25. Nxf6+ gxf6 26. dxe5 fxe5 27. Nxe5 Qd2 28. Rd1 Nc5 29. Nxc4 bxc4 30. Qf3 Qg5 31. Qc3 Qh6 32. Qxc4 Ne6 33. Re1 Re8 34. Re4 Qh5 35. Qc3 g5 36. Rxe6 1-0

[Event "53rd Indian Junior Open-ch 2024"]
[Site "Karnal"]
[Date "2024.09.20"]
[Round "6.6"]
[White "Md Bashiq Imrose"]
[Black "Shadhursshaan R"]
[Result "0-1"]
[ECO "E06"]
[WhiteElo "2065"]
[BlackElo "1933"]
[Annotator "RC"]
[PlyCount "70"]
[EventDate "2024.09.16"]
[EventType "swiss"]
[EventCountry "IND"]
[SourceTitle "playchess.com"]
[Source "ChessBase"]
[SourceQuality "1"]
[TimeControl "5400+30"]

1. d4 Nf6 2. Nf3 e6 3. c4 d5 4. g3 Be7 5. Bg2 O-O 6. O-O c6 7. Nc3 a5 8. b3 Nbd7 9. Qd3 Bb4 10. Ne5 Nxe5 11. dxe5 Nd7 12. f4 dxc4 13. bxc4 Nxe5 14. Qxd8 Rxd8 15. Na4 Nxc4 16. Be4 e5 17. Bd3 Bh3 18. a3 Bxf1 19. axb4 b5 20. Kxf1 axb4 21. Bxc4 Rd1+ 22. Kf2 bxc4 23. e3 exf4 24. gxf4 Rd5 25. Bb2 Rd2+ 26. Kf3 Rxb2 27. Rd1 Rc2 28. Nb6 Re8 29. f5 b3 30. f6 b2 31. Rg1 Rc1 32. Rxg7+ Kh8 33. Nxc4 b1=Q 34. Nd6 Rf1+ 35. Kg2 Rg1+ 0-1

[Event "53rd Indian Junior Open-ch 2024"]
[Site "Karnal"]
[Date "2024.09.20"]
[Round "6.7"]
[White "Hari Ganesh T"]
[Black "Arshpreet Singh"]
[Result "0-1"]
[ECO "A13"]
[WhiteElo "2029"]
[BlackElo "1905"]
[Annotator "RC"]
[PlyCount "50"]
[EventDate "2024.09.16"]
[EventType "swiss"]
[EventCountry "IND"]
[SourceTitle "playchess.com"]
[Source "ChessBase"]
[SourceQuality "1"]
[TimeControl "5400+30"]

1. Nf3 Nf6 2. c4 e6 3. b3 d5 4. e3 Be7 5. Bb2 O-O 6. Be2 b6 7. O-O Bb7 8. cxd5 Nxd5 9. Na3 c5 10. d4 cxd4 11. Nxd4 Nc6 12. Ba6 Bxa6 13. Nxc6 Qc7 14. Nxe7+ Qxe7 15. Re1 Nb4 16. Bc3 Nd3 17. Qg4 e5 18. Qa4 Bb7 19. Re2 Qg5 20. g3 Qh5 21. Ree1 Qf3 22. e4 Qxf2+ 23. Kh1 Nxe1 24. Rxe1 Qf3+ 25. Kg1 Qxc3 0-1

[Event "53rd Indian Junior Open-ch 2024"]
[Site "Karnal"]
[Date "2024.09.20"]
[Round "6.8"]
[White "Akshat Sureka"]
[Black "Sadbhav Rautela"]
[Result "0-1"]
[ECO "A12"]
[WhiteElo "2008"]
[BlackElo "1817"]
[Annotator "RC"]
[PlyCount "110"]
[EventDate "2024.09.16"]
[EventType "swiss"]
[EventCountry "IND"]
[SourceTitle "playchess.com"]
[Source "ChessBase"]
[SourceQuality "1"]
[TimeControl "5400+30"]

1. c4 c6 2. Nf3 d5 3. e3 Nf6 4. b3 Bf5 5. Bb2 e6 6. Be2 h6 7. O-O Be7 8. d3 O-O 9. Nbd2 a5 10. a3 Nbd7 11. Rc1 Nc5 12. Ne5 Nfd7 13. Nxd7 Qxd7 14. cxd5 exd5 15. Nf3 Qd8 16. Nd4 Bg6 17. b4 axb4 18. axb4 Ne6 19. f4 Bf6 20. f5 Nxd4 21. Bxd4 Bxd4 22. exd4 Bh7 23. b5 Qf6 24. bxc6 bxc6 25. Kh1 Ra6 26. Qd2 Qxd4 27. f6 g5 28. Rf3 c5 29. h4 Rxf6 30. Rxf6 Qxf6 31. hxg5 hxg5 32. Rxc5 Qa1+ 33. Rc1 Qe5 34. d4 Qe7 35. Bf3 Be4 36. Re1 Kg7 37. Bxe4 dxe4 38. Qa5 Kg6 39. Qb6+ f6 40. Qc6 Rh8+ 41. Kg1 Re8 42. Rf1 Qe6 43. Qc5 Rd8 44. Rb1 Qd5 45. Qxd5 Rxd5 46. Rb4 Kf5 47. Kf2 Kf4 48. g3+ Kg4 49. Ke3 f5 50. Rc4 Ra5 51. Rc5 Ra3+ 52. Kf2 Rf3+ 53. Ke2 Rxg3 54. Re5 Rd3 55. d5 Kf4 0-1